 Dungeon Crawl Stone Soup version 0.24.0-123-gd5b16e6ec5 (webtiles) character file.

Game seed: 109580803186842622, levelgen mode: deterministic

4924 nione the Grappler (level 10, -2/94 HPs)
             Began as a Troll Berserker on Feb 12, 2020.
             Was a High Priest of Trog.
             Shot with a bolt by an orc knight (19 damage)
             ... on level 7 of the Dungeon.
             The game lasted 00:48:47 (6737 turns).

nione the Grappler (Troll Berserker)                Turns: 6737, Time: 00:48:47

Health: -2/94      AC:  9    Str: 29    XL:     10   Next: 27%
Magic:  9/9        EV: 12    Int: 10    God:    Trog [*****.]
Gold:   395        SH:  0    Dex: 10    Spells: 9/9 levels left

rFire    . . .     SeeInvis .     - Unarmed
rCold    . . .     Gourm    +   (no shield)
rNeg     . . .     Faith    .   a - +2 animal skin
rPois    +         Spirit   .   (helmet restricted)
rElec    .         Reflect  .   w - +0 cloak of Midsummer {rPois Int+5 Stlth+}
rCorr    +         Harm     .   (gloves unavailable)
MR       .....                  (boots unavailable)
Stlth    +++.......             q - amulet of regeneration
HPRegen  1.05/turn              p - +2 ring of intelligence
MPRegen  0.11/turn              u - ring of resist corrosion

@: no status effects
A: large, unfitting armour, claws 3, fast metabolism 3, gourmand, regeneration
1, shaggy fur 1, tough skin 3
a: Berserk, Trog's Hand, Brothers in Arms, Renounce Religion


You were on level 7 of the Dungeon.
You worshipped Trog.
Trog was extremely pleased with you.
You were completely stuffed.

You visited 2 branches of the dungeon, and saw 8 of its levels.

You collected 395 gold pieces.

Inventory:

Armour
 a - a +2 animal skin (worn)
 i - a scarf of cloud immunity
 w - the +0 cloak of Midsummer (worn) {rPois Int+5 Stlth+}
   (You found it on level 6 of the Dungeon)

   It affects your intelligence (+5).
   It protects you from poison.
   It makes you more stealthy.
Jewellery
 p - a +2 ring of intelligence (left claw)
 q - an amulet of regeneration (around neck)
 u - a ring of resist corrosion (right claw)
Wands
 h - a wand of polymorph (5)
 s - a wand of flame (12)
 y - a wand of iceblast (4)
 A - a wand of disintegration (11)
 B - a wand of scattershot (5)
Scrolls
 g - 3 scrolls of teleportation
 k - 2 scrolls of remove curse
 m - a scroll of random uselessness {unknown}
 o - a scroll of noise {unknown}
 r - a scroll of enchant weapon {unknown}
 t - a scroll of enchant armour
Potions
 c - 3 potions of flight
 d - 2 potions of mutation
 e - 2 potions of curing
 f - a potion of resistance {unknown}
 j - 2 potions of berserk rage
 l - a potion of heal wounds {unknown}
 n - 2 potions of ambrosia
 v - a potion of brilliance {unknown}
 x - a potion of might
Comestibles
 b - 8 rations
 z - 15 chunks of flesh


   Skills:
 + Level 4.5 Fighting
 + Level 6.5 Dodging
 + Level 2.6 Stealth
 + Level 11.9 Unarmed Combat


You had 9 spell levels left.
You didn't know any spells.
Your spell library contained the following spells:

 Spells                   Type           Power        Failure   Level  Hunger
 Beastly Appendage        Tmut           #.....       36%         1    ##.....
 Confusing Touch          Hex            #.....       36%         1    ##.....
 Corona                   Hex            #......      36%         1    ##.....
 Summon Small Mammal      Summ           #...         36%         1    ##.....
 Call Imp                 Summ           #.......     50%         2    ###....
 Ensorcelled Hibernation  Hex/Ice        #.....       50%         2    ###....
 Sticks to Snakes         Tmut           #.......     50%         2    ###....
 Call Canine Familiar     Summ           #.......     75%         3    ####...
 Confuse                  Hex            #.......     75%         3    ####...
 Dazzling Spray           Conj/Hex       #.....       75%         3    ####...
 Gell's Gravitas          Tloc           #.........   75%         3    ####...
 Spider Form              Tmut/Pois      #.........   75%         3    ####...
 Summon Guardian Golem    Hex/Summ       #.......     75%         3    ####...
 Tukima's Dance           Hex            #.......     75%         3    ####...
 Ice Form                 Ice/Tmut       #.......     98%         4    #####..
 Petrify                  Tmut/Erth      #.......     98%         4    #####..
 Summon Ice Beast         Ice/Summ       #.......     98%         4    #####..
 Summon Lightning Spire   Summ/Air       #.......     98%         4    #####..
 Blade Hands              Tmut           #.........   100%        5    ######.
 Metabolic Englaciation   Hex/Ice        #.........   100%        5    ######.
 Yara's Violent Unravell  Hex/Tmut       #.........   100%        5    ######.


Dungeon Overview and Level Annotations

Branches:
Dungeon (7/15)             Temple (1/1) D:6

Altars:
Ashenzari
Cheibriados
Dithmenos
Gozag
Hepliaklqana
Kikubaaqudgha
Makhleb
Nemelex Xobeh
Okawaru
Qazlal
Ru
Sif Muna
Trog
Vehumet
Wu Jian
Yredelemnul
Zin
The Shining One

Shops:
D:4 =


Innate Abilities, Weirdness & Mutations

You are too large for most types of armour.
You have claws for hands.
Your metabolism is lightning-fast.
You like to eat raw meat.
Your natural rate of healing is unusually fast.
You are covered in fur. (AC +1)
You have extremely tough skin. (AC +3)


Message History

The orc knight wields a +0 arbalest.
The orc knight shoots a bolt.
The bolt closely misses you.
The orc knight shoots a bolt.
The bolt hits you!!
* * * LOW HITPOINT WARNING * * *
You see here a bolt.
You enter the shallow water.
Moving in this stuff is going to be slow.
The orc knight roars a battlecry!
The orc knight goes into a battle-frenzy!
The orc no longer looks unusually strong.
The orc no longer looks unusually strong.
The orc knight roars a battlecry!
The orcs go into a battle-frenzy!
The orc knight shoots a bolt.
The bolt barely misses you.
The orc throws a boomerang.
The boomerang hits you but does no damage.
The weapon returns to the orc!
The orc knight shoots a bolt.
The bolt closely misses you.
The orc knight shoots a bolt.
The bolt hits you!!
You die...

. #.........# . #.........# .
#.........# . ########### . .
.##############################
............(...(............<###
..........o.o...@..........)P÷...
≈≈≈≈≈≈≈.)..≈≈≈≈≈≈≈≈≈≈≈≈≈≈≈≈≈≈≈...
≈≈≈≈≈≈≈...o≈≈≈≈≈≈≈≈≈≈≈≈≈≈≈≈≈≈≈...
≈≈≈≈≈≈≈..oo≈≈≈≈≈≈≈≈≈≈≈≈#####≈≈...
....÷...).oo...........#ooo#≈≈...
#######'''o#############ooo#≈≈...
#....# #'###≈≈P.. #....#
..#.≈≈≈... #....# ...#.≈≈≈..(


You could see 2 orc knights, an orc warrior and 5 orcs.

Vanquished Creatures
  An ugly thing (D:7)
  A hungry ghost (D:7)
  14 wargs (D:7)
  An ice beast (D:5)
  3 orc warriors
  A phantom (D:7)
  An ogre (D:5)
  3 centaurs
  5 bullfrogs
  A gnoll sergeant (D:7)
  A scorpion (D:5)
  A water moccasin skeleton (D:7)
  8 killer bees
  2 crimson imps
  A bullfrog zombie (D:7)
  4 hounds
  An orc priest (D:7)
  A centaur skeleton (D:5)
  2 bullfrog skeletons
  11 orc wizards
  A gnoll shaman (D:5)
  3 worker ants
  2 hound skeletons
  A worker ant zombie (D:4)
  7 gnolls
  7 adders
  12 river rats (D:6)
  A shadow imp (D:6)
  An ooze (D:6)
  An adder skeleton (D:5)
  4 worms
  7 leopard geckos
  38 orcs
  2 ball pythons (D:2)
  5 giant cockroaches
  4 goblins
  7 hobgoblins
  7 jackals
  10 quokkas
  3 bats
  5 frilled lizards
  7 kobolds
  20 rats
  A plant (D:7)
219 creatures vanquished.

Vanquished Creatures (others)
  An orc wizard (D:4)
1 creature vanquished.

Grand Total: 220 creatures vanquished

Notes
Turn   | Place    | Note
-------+----------+-------------------------------------------
     0 | D:1      | nione the Troll Berserker began the quest for the Orb.
     0 | D:1      | Reached XP level 1. HP: 22/22 MP: 0/0
   620 | D:1      | Reached XP level 2. HP: 27/29 MP: 1/1
  1234 | D:2      | Found a bloodstained altar of Trog.
  1456 | D:2      | Reached XP level 3. HP: 36/36 MP: 2/2
  1471 | D:2      | Found a sparkling altar of Nemelex Xobeh.
  2408 | D:3      | Reached XP level 4. HP: 44/44 MP: 3/3
  2508 | D:3      | Reached ** piety under Trog
  2527 | D:3      | Reached skill level 4 in Unarmed Combat
  3037 | D:4      | Reached XP level 5. HP: 48/52 MP: 4/4
  3046 | D:4      | Found Mesauqub's Jewellery Emporium.
  3258 | D:4      | Reached skill level 5 in Unarmed Combat
  3351 | D:4      | Reached XP level 6. HP: 50/61 MP: 5/5
  3676 | D:5      | Entered Level 5 of the Dungeon
  3842 | D:5      | Reached skill level 1 in Stealth
  3842 | D:5      | Reached skill level 6 in Unarmed Combat
  3873 | D:5      | Reached XP level 7. HP: 66/67 MP: 6/6
  3897 | D:5      | Reached *** piety under Trog
  3973 | D:5      | Reached skill level 7 in Unarmed Combat
  4302 | D:5      | Reached XP level 8. HP: 75/75 MP: 7/7
  4609 | D:6      | Found a stormy altar of Qazlal.
  4643 | D:6      | Reached skill level 8 in Unarmed Combat
  4678 | D:6      | Found a staircase to the Ecumenical Temple.
  4825 | Temple   | Entered the Ecumenical Temple
  4968 | D:6      | Found a shadowy altar of Dithmenos.
  4995 | D:6      | Found a shattered altar of Ashenzari.
  5013 | D:6      | Got a steaming cloak
  5025 | D:6      | Identified the cursed +0 cloak of Midsummer {rPois Int+5
                  | Stlth+} (You found it on level 6 of the Dungeon)
  5086 | D:6      | Found an opulent altar of Gozag.
  5132 | D:6      | Reached skill level 5 in Dodging
  5184 | D:6      | Reached **** piety under Trog
  5285 | D:6      | Reached skill level 9 in Unarmed Combat
  5789 | D:7      | Noticed a brown ugly thing
  5832 | D:7      | Reached XP level 9. HP: 75/84 MP: 8/8
  5852 | D:7      | Killed a brown ugly thing
  5852 | D:7      | Reached skill level 10 in Unarmed Combat
  5859 | D:7      | Reached ***** piety under Trog
  6117 | D:7      | Found an iron altar of Okawaru.
  6118 | D:7      | Found a basalt altar of Yredelemnul.
  6410 | D:7      | Reached skill level 11 in Unarmed Combat
  6457 | D:7      | Reached XP level 10. HP: 26/94 MP: 9/9
  6582 | D:7      | Noticed an orc knight
  6706 | D:7      | Noticed an orc knight
  6737 | D:7      | Shot with a bolt by an orc knight

Levels and vault maps discovered:
D:1:      onia_arrival_mini_maze_b, layout_basic
D:2:      layout_loops_corners, old_standard_altar, lemuel_doored_altar
D:3:      layout_basic
D:4:      layout_cave_pools, first_ration, serial_shops,
          nicolae_shop_waterfront, minmay_a_box_with_orc_wizards_in_it
D:5:      layout_loops_ring, kennysheep_minor_cross
D:6:      lemuel_ratsnest, layout_basic, kennysheep_mini,
          nicolae_overflow_crystal_walls, minmay_temple_entry_glass,
          basic_altar, evilmike_ruin_ashenzari
D:7:      lemuel_castle_with_subvaults [lemuel_castle_interior_carwin_2],
          layout_basic, nicolae_overflow_hidden_temple, tgw_xom
Temple:   minmay_temple_bridge_abc

Skill      XL: |  1  2  3  4  5  6  7  8  9 |
---------------+----------------------------+-----
Dodging        | 3 4 5 6 |  6.5
Unarmed Combat | 4 5 6 7 9 11 | 11.9
Fighting       | 3 4 |  4.5
Stealth        | 1 2 |  2.6

Action                   |  1- 3 |  4- 6 |  7- 9 | 10-12 || total
-------------------------+-------+-------+-------+-------++-------
Melee: Unarmed           |   123 |   137 |   373 |    59 ||   692
       Punch             |     1 |     3 |    13 |     2 ||    19
  Use: Scroll            |     6 |     2 |     7 |       ||    15
       Potion            |     2 |       |     2 |     2 ||     6
 Stab: Sleeping          |       |     1 |     3 |       ||     4
  Eat: Ration            |     3 |     1 |     1 |       ||     5
       Chunk             |     6 |    20 |    28 |     6 ||    60
Armor: Animal skin       |    34 |    57 |   117 |    10 ||   218
Dodge: Dodged            |    50 |    35 |   182 |    39 ||   306
